 Dungeon Crawl Stone Soup version 0.18-a0-1273-g8ec5f8e (webtiles) character file.

489 namelastname112 the Shooter (level 6, 0/53 HPs)
             Began as a Draconian Hunter on Feb 7, 2016.
             Slain by a gnoll
             ... wielding a +0 spear
              (2 damage)
             ... on level 5 of the Dungeon.
             The game lasted 00:07:06 (5530 turns).

namelastname112 the Shooter (Draconian Hunter)      Turns: 5530, Time: 00:07:07

Health: 0/53       AC:  7    Str: 15    XL:     6   Next: 90%
Magic:  6/6        EV: 13    Int: 16    God:
Gold:   166        SH:  0    Dex: 13    Spells: 0 memorised, 5 levels left

rFire  . . .     SeeInvis .     b - +0 short sword
rCold  . . .     Gourm    +     (armour unavailable)
rNeg   . . .     Faith    .     (no shield)
rPois  .         Spirit   .     (helmet restricted)
rElec  .         Dismiss  .     (no cloak)
rCorr  .         Reflect  .     (no gloves)
SustAt .         Harm     .     p - +0 pair of boots
MR     .....                    t - amulet of the gourmand
Stlth  +.........               (no ring)
                                n - ring of flight

@: brilliant, very slightly contaminated, hasted, very quick, not resistant to
hostile enchantments, very unstealthy
A: unfitting armour, cold-blooded, AC +6
a: Evoke Flight


You were on level 5 of the Dungeon.
You were hungry.

You visited 1 branch of the dungeon, and saw 5 of its levels.

You collected 166 gold pieces.

Inventory:

Hand Weapons
 a - a +1 shortbow
 b - a +0 short sword (weapon)
Armour
 p - a +0 pair of boots (worn)
Jewellery
 n - a ring of flight (left hand)
 t - an amulet of the gourmand (around neck)
Scrolls
 e - a scroll of fog {unknown}
 h - 2 scrolls of identify {unknown}
 j - a scroll of remove curse {unknown}
 q - 3 scrolls of noise {unknown}
 r - a scroll of amnesia {unknown}
 s - a scroll of magic mapping {unknown}
 v - 2 scrolls of teleportation {unknown}
 w - a scroll of immolation {unknown}
Potions
 c - a potion of cancellation
 l - a potion of magic
Comestibles
 d - 5 bread rations
 g - 3 meat rations
 i - a beef jerky
 m - 3 fruits
 u - 2 royal jellies


   Skills:
 + Level 4.3 Fighting
 * Level 6.0 Bows
 + Level 3.7 Dodging
 - Level 0.8 Stealth


You had 5 spell levels left.
You didn't know any spells.

Dungeon Overview and Level Annotations

Branches:
Dungeon (5/15)             Temple (0/1) D:5

Altars:
Dithmenos

Annotations:
D:4 Sigmund; dvd's ghost, amateur MiBe


Innate Abilities, Weirdness & Mutations

Your plain brown scales are hard (AC +6).
Your body does not fit into most forms of armour.
You are cold-blooded and may be slowed by cold attacks.


Message History

Drink which item? (? for menu, Esc to quit)
It was a potion of brilliance.
You feel clever all of a sudden.
The centaur hits you but does no damage.
The gnoll closely misses you.
Drink which item? (? for menu, Esc to quit)
It was a potion of haste.
You feel yourself speed up. The centaur hits you.
* * * LOW HITPOINT WARNING * * *
The gnoll hits you from afar with a spear.
* * * LOW HITPOINT WARNING * * *
The centaur barely misses you.
You are very lightly contaminated with residual magic.
Unknown command.
You hit the centaur.
The centaur is severely wounded.
You are feeling hungry.
The centaur hits you.
* * * LOW HITPOINT WARNING * * *
The gnoll hits you from afar with a spear.
You die...

.#(##.##.#
....(.(#.#
.#.##..#.#########
.#.#..g(........(#
#.#...#.#######[#
#.#.†.#(# #.#
..##.##c# #.#
###.....# #(#
#.g#### #@# #....#
#c# #.g..# #g#
#....# #.#
#....########.##
#......gc.g..(.#
#....###########
#..#.# #....#


You could see a centaur and a gnoll.

Vanquished Creatures
  Grinder (D:3)
  A giant frog skeleton (D:4)
  Natasha (thrice) (D:2)
  A worker ant (D:3)
  Robin (D:3)
  2 gnolls
  4 adders
  4 oozes
  A worm (D:2)
  5 giant geckos
  6 giant cockroaches
  6 hobgoblins
  6 jackals
  2 quokkas
  3 ball pythons
  10 bats
  5 giant newts
  19 goblins
  6 kobolds
  5 rats
91 creatures vanquished.

Notes
Turn   | Place    | Note
--------------------------------------------------------------
     0 | D:1      | namelastname112 the Draconian Hunter began the quest for the Orb.
     0 | D:1      | Reached XP level 1. HP: 17/17 MP: 1/1
   122 | D:1      | Reached XP level 2. HP: 6/25 MP: 2/2
   579 | D:1      | Reached skill level 4 in Bows
   659 | D:1      | Reached XP level 3. HP: 25/30 MP: 3/3
  1467 | D:2      | Noticed Natasha
  1477 | D:2      | Killed Natasha
  1477 | D:2      | Reached XP level 4. HP: 18/37 MP: 4/4
  1490 | D:2      | Noticed Natasha
  1504 | D:2      | Killed Natasha
  2131 | D:2      | Noticed Natasha
  2144 | D:2      | Killed Natasha
  2144 | D:2      | Reached skill level 5 in Bows
  2144 | D:2      | Reached XP level 5. HP: 15/45 MP: 5/5
  2754 | D:3      | Noticed Robin
  2793 | D:3      | Killed Robin
  3115 | D:3      | Noticed Grinder
  3115 | D:3      | Paralysed by Grinder for 6 turns
  3148 | D:3      | Paralysed by Grinder for 5 turns
  3154 | D:3      | Killed Grinder
  3154 | D:3      | Reached XP level 6. HP: 26/52 MP: 6/6
  3376 | D:3      | Found a shadowy altar of Dithmenos.
  3961 | D:4      | Noticed dvd's ghost (amateur MiBe)
  4734 | D:4      | Noticed Sigmund
  5121 | D:5      | Entered Level 5 of the Dungeon
  5121 | D:5      | Found a staircase to the Ecumenical Temple.
  5521 | D:5      | Reached skill level 6 in Bows
  5530 | D:5      | HP: 2/53 [centaur (4)]
  5530 | D:5      | Slain by a gnoll

Vault maps used:
D:1:      sevenhm_arrival_forest_fort_large_2, amethyst_killhole,
          minmay_box_of_dots
D:2:      serial_forest, infiniplex_forest_straight_4,
          infiniplex_forest_straight_1, infiniplex_forest_straight_1,
          infiniplex_forest_clump_cross, infiniplex_forest_zigzag_1,
          infiniplex_forest_end_3, infiniplex_forest_end_2, uniq_natasha
D:3:      overflow_temple_1_default, minmay_unequal, uniq_robin, uniq_grinder
D:4:      uniq_sigmund
D:5:      minitemple, minmay_temple_entry_trees, first_bread

Action                   |  1- 3 |  4- 6 || total
-------------------------+-------+-------++-------
Melee: Short sword       |   134 |   205 ||   339
       Unarmed           |       |    10 ||    10
 Fire: Shortbow          |     8 |    92 ||   100
  Use: Potion            |       |    10 ||    10
 Stab: Sleeping          |     4 |     2 ||     6
       Invisible         |       |     1 ||     1
  Eat: Chunk             |     2 |    11 ||    13
       Pizza             |       |     1 ||     1
       Beef jerky        |       |     1 ||     1
